 Dungeon Crawl Stone Soup version 0.23-a0-417-gf02c810 (webtiles) character file.

472 JeffiDaFish the Grave Robber (level 6, -1/32 HPs)
             Began as a Deep Elf Necromancer on Nov 11, 2018.
             Killed by nerve-wracking pain
             ... invoked by Grinder
              (12 damage)
             ... on level 5 of the Dungeon.
             The game lasted 00:18:49 (5938 turns).

JeffiDaFish the Grave Robber (Deep Elf Necromancer) Turns: 5938, Time: 00:18:50

Health: -1/32      AC:  4    Str:  4 (6)  XL:     6   Next: 83%
Magic:  10/15      EV: 14    Int: 20 (21) God:
Gold:   196        SH:  0    Dex: 13 (15) Spells: 8/15 levels left

rFire    + . .     SeeInvis .   b - +1 dagger
rCold    x . .     Gourm    .   (no shield)
rNeg     . . .     Faith    .   f - +0 robe
rPois    .         Spirit   .   (no helmet)
rElec    .         Reflect  .   i - +0 cloak
rCorr    .         Harm     .   a - +0 pair of gloves
MR       .....                  (no boots)
Stlth    +++.......             (no amulet)
HPRegen  1.10/turn              e - ring of fire
MPRegen  0.14/turn              g - ring of stealth

@: very slightly contaminated, regenerating
A: no striking features
a: no special abilities


You were on level 5 of the Dungeon.
You were hungry.

You visited 1 branch of the dungeon, and saw 5 of its levels.

You collected 196 gold pieces.

Inventory:

Hand Weapons
 b - a +1 dagger (weapon)
Armour
 a - a +0 pair of gloves (worn)
 f - a +0 robe (worn)
 i - a +0 cloak (worn)
Jewellery
 d - an uncursed ring of see invisible
 e - a ring of fire (left hand)
 g - a ring of stealth (right hand)
Wands
 k - a wand of flame (21)
Scrolls
 h - 2 scrolls of identify
Potions
 j - 2 potions of curing
Comestibles
 c - 7 rations


   Skills:
 + Level 0.3 Short Blades
 + Level 4.6 Dodging
 - Level 3.0 Stealth
 * Level 5.2 Spellcasting
 * Level 7.9 Necromancy


You had 8 spell levels left.
You knew the following spells:

 Your Spells              Type           Power        Failure   Level  Hunger
a - Pain                  Necr           ####         1%          1    None
b - Vampiric Draining     Necr           #####.....   1%          3    ##.....
c - Regeneration          Chrm/Necr      ###.......   7%          3    ##.....

Your spell library contained the following spells:

 Spells                   Type           Power        Failure   Level  Hunger
 Animate Skeleton         Necr           N/A          1%          1    None
 Animate Dead             Necr           N/A          4%          4    ####...


Dungeon Overview and Level Annotations

Branches:
Dungeon (5/15)
 Temple: D:4-7

Altars:
Gozag
Hepliaklqana
Nemelex Xobeh
Ru
Sif Muna

Annotations:
D:4 Menkaure
D:5 Grinder


Message History

Grinder gestures at you. Pain shoots through your body!
* * * LOW HITPOINT WARNING * * *
You hit Grinder but do no damage.
Grinder is moderately wounded.
Grinder closely misses you.
You hit Grinder.
Grinder is moderately wounded.
Grinder barely misses you.
You closely miss Grinder.
Grinder is moderately wounded.
Grinder hits you but does no damage.
You hit Grinder but do no damage.
Grinder is moderately wounded.
Grinder hits you but does no damage.
You closely miss Grinder.
Grinder is moderately wounded.
Grinder gestures at you. Pain shoots through your body!
You die...

#.....#########.
#.............#.
#.............#.
#.............#.
#.............#.
#.............#รท #$
#...............
.#$_$####.....########.P
..$$$.5@......# #.#
..............# #.#
.....%........# #.#
..............+ #.#
..............# #.#
#.....######### ..#
#..... #.....


You could see Grinder.

Vanquished Creatures
  Blork the orc (D:5)
  Crazy Yiuf (D:4)
  A hound (D:4)
  An orc priest (D:4)
  A centaur skeleton (D:5)
  An orc wizard (D:4)
  An iguana (D:5)
  Ijyb (D:5)
  A worker ant (D:4)
  A hound skeleton (D:4)
  A howler monkey skeleton (D:4)
  4 gnolls (D:4)
  2 adders
  2 adder skeletons (D:4)
  2 worms
  A dart slug (D:1)
  6 leopard geckos
  8 orcs
  6 giant cockroaches
  4 goblins
  7 hobgoblins
  4 jackals (D:1)
  2 quokkas
  A ball python (D:4)
  7 bats
  11 frilled lizards
  A giant cockroach zombie (D:5)
  10 kobolds
  5 rats
94 creatures vanquished.

Notes
Turn   | Place    | Note
-------+----------+-------------------------------------------
     0 | D:1      | JeffiDaFish the Deep Elf Necromancer began the quest for
                  | the Orb.
     0 | D:1      | Reached XP level 1. HP: 10/10 MP: 6/6
    36 | D:1      | Reached skill level 5 in Necromancy
    91 | D:1      | Reached XP level 2. HP: 4/15 MP: 1/8
  1127 | D:1      | Reached XP level 3. HP: 18/19 MP: 6/9
  1438 | D:2      | Learned a level 3 spell: Vampiric Draining
  2067 | D:2      | Reached skill level 6 in Necromancy
  2324 | D:3      | Reached XP level 4. HP: 24/24 MP: 11/11
  2627 | D:3      | Found a deep blue altar of Sif Muna.
  2676 | D:3      | Found a sparkling altar of Nemelex Xobeh.
  2935 | D:4      | Reached XP level 5. HP: 20/28 MP: 7/13
  3178 | D:4      | Reached skill level 7 in Necromancy
  3669 | D:4      | Learned a level 3 spell: Regeneration
  3752 | D:4      | Noticed Menkaure
  4156 | D:4      | Found a runed door.
  4160 | D:4      | Noticed Crazy Yiuf
  4166 | D:4      | Killed Crazy Yiuf
  4166 | D:4      | Reached XP level 6. HP: 28/32 MP: 3/14
  4478 | D:4      | Found a sacrificial altar of Ru.
  4478 | D:4      | Found a hazy altar of Hepliaklqana.
  4920 | D:5      | Entered Level 5 of the Dungeon
  4937 | D:5      | Noticed Blork the orc
  4949 | D:5      | Killed Blork the orc
  5106 | D:5      | Reached skill level 5 in Spellcasting
  5602 | D:5      | Noticed Ijyb
  5608 | D:5      | Killed Ijyb
  5920 | D:5      | Noticed Grinder
  5927 | D:5      | Found an opulent altar of Gozag.
  5938 | D:5      | Killed from afar by Grinder

Vault maps used:
D:1:      dpeg_arrival_chase
D:2:      first_ration, corexii_item_surrounded_by_moat, minmay_distorted
D:3:      lemuel_coloured_pillars_altar, nicolae_overflow_hidden_temple
D:4:      gammafunk_temple_overflow_elements, uniq_menkaure,
          uniq_crazy_yiuf_cottage
D:5:      nicolae_gozag_seed_capital, basic_altar, minmay_lizard_king,
          uniq_ijyb, uniq_grinder, uniq_blork_the_orc

Skill      XL: |  1  2  3  4  5  6 |
---------------+-------------------+-----
Necromancy     | 5 6 7 |  7.9
Dodging        | 3 4 |  4.6
Stealth        | 3 |  3.0
Spellcasting   | 4 5 |  5.2
Short Blades   | |  0.3

Action                   |  1- 3 |  4- 6 || total
-------------------------+-------+-------++-------
Melee: Dagger            |    48 |   201 ||   249
 Cast: Pain              |    48 |    74 ||   122
       Vampiric Draining |     3 |    15 ||    18
       Regeneration      |       |     7 ||     7
  Use: Potion            |     5 |     2 ||     7
       Scroll            |     5 |     3 ||     8
 Stab: Sleeping          |     9 |     5 ||    14
  Eat: Chunk             |     4 |     6 ||    10
       Ration            |       |     2 ||     2
Armor: Robe              |     7 |    49 ||    56
Dodge: Dodged            |    61 |   166 ||   227

Table legend:
 A = Non-vault XP
 B = Vault XP
 C = Vault XP percentage of total XP
 D = Non-vault monster count
 E = Vault monster count
 F = Vault count percentage of total count
                 A         B        C        D         E       F
            +---------+---------+-------+---------+---------+-------
      Total |     444 |     231 |  34.2 |      81 |      13 |  13.8
            +---------+---------+-------+---------+---------+-------
        D:1 |      42 |       0 |   0.0 |      25 |       0 |   0.0
        D:2 |      38 |       2 |   5.0 |      17 |       1 |   5.6
        D:3 |      47 |       0 |   0.0 |      17 |       0 |   0.0
        D:4 |     273 |      44 |  13.9 |      19 |       1 |   5.0
        D:5 |      44 |     185 |  80.8 |       3 |      11 |  78.6
            +---------+---------+-------+---------+---------+-------
